AoeStats
← HR Pinkman

Arena

508011839Analyzed
4v4 RM · 11d ago on Sep 20, 2026· 36m 56s· 8 players
Game mode
Random Map
Map size
Large (8 player)
Population
200
Speed
Normal
Resources
Standard
Victory
Conquest
Starting age
Dark Age
Ending age
Imperial Age
RankedLock teamsTeams togetherTeam positionsShared explorationLock speedFull tech treeHidden civsTurbo modeCheats
Victory
Defeat
🇨🇱 Persians · Chile
1903
+9
🇨🇱 Chinese · Chile
1869
+10
🇨🇱 Teutons · Chile
1855
+10
🇨🇱 Poles · Chile
1765
+13
🇹🇷 Wei · Türkiye
1791
-13
🇹🇷 Persians · Türkiye
1747
-11
🇹🇷 Italians · Türkiye
1711
-10
🇹🇷 Britons · Türkiye
1639
-8
HR Whitecourt
10:55 Feudal Age
11:43 Double-Bit Axe
14:15 Castle Age
12:13 Horse Collar
15:11 Bow Saw
15:35 Heavy Plow
19:34 Wheelbarrow
21:06 Hand Cart
22:08 Stone Mining
25:32 Gold Mining
26:33 Loom
29:19 Imperial Age
27:36 Stone Shaft Mining
27:15 Scale Barding Armor
28:25 Chain Barding Armor
27:58 Town Watch
29:10 Bloodlines
29:01 Husbandry
29:34 Forging
29:30 Elite War Elephant
31:10 Plate Barding Armor
30:56 Conscription
31:32 Gold Shaft Mining
31:30 Crop Rotation
31:50 Iron Casting
32:33 Devotion
33:10 Block Printing
35:14 Two-Man Saw
34:45 Coinage
35:18 Faith
36:16 Blast Furnace
36:33 Banking
36:51 Citadels
37:17 Hoardings
36:34 Fletching
37:46 Chemistry
HR AboKeiTo
0:30 Loom
10:34 Feudal Age
10:40 Feudal Age
14:42 Castle Age
12:39 Double-Bit Axe
14:47 Light Cavalry
17:01 Bow Saw
17:11 Horse Collar
22:08 Wheelbarrow
22:47 Heavy Plow
23:02 Gold Mining
24:49 Hand Cart
29:42 Imperial Age
27:50 Gold Shaft Mining
27:05 Stone Mining
27:40 Pikeman
28:20 Squires
28:21 Scale Mail Armor
28:34 Forging
29:35 Fletching
29:48 Halberdier
31:59 Chain Mail Armor
32:19 Iron Casting
32:48 Conscription
32:24 Bodkin Arrow
32:22 Arson
33:00 Capped Ram
34:17 Plate Mail Armor
34:01 Siege Ram
35:33 Ballistics
36:44 Chemistry
37:16 Bracer
HR Pinkman
8:07 Feudal Age
6:25 Loom
9:25 Fletching
10:04 Double-Bit Axe
20:36 Castle Age
21:15 Bodkin Arrow
21:35 Bow Saw
22:27 Guard Tower
25:39 Town Watch
26:30 Wheelbarrow
28:23 Fortified Wall
30:11 Hand Cart
30:07 Horse Collar
37:24 Imperial Age
36:04 Bloodlines
36:00 Scale Barding Armor
36:05 Forging
36:29 Gold Mining
37:25 Chain Barding Armor
HR pikoLein
8:35 Feudal Age
8:27 Loom
9:15 Double-Bit Axe
10:39 Horse Collar
14:43 Fletching
20:27 Castle Age
18:45 Stone Mining
21:37 Bodkin Arrow
21:55 Bow Saw
21:49 Heavy Plow
27:01 Town Watch
30:31 Fortified Wall
30:55 Scale Mail Armor
31:17 Masonry
31:59 Chain Mail Armor
33:30 Wheelbarrow
34:19 Forging
FeelMySpike
8:20 Feudal Age
8:54 Double-Bit Axe
8:50 Horse Collar
9:51 Wheelbarrow
16:34 Castle Age
14:35 Gold Mining
15:13 Stone Mining
17:58 Bow Saw
17:55 Heavy Plow
19:58 Gold Shaft Mining
20:54 Stone Shaft Mining
27:39 Imperial Age
24:55 Loom
26:03 Bloodlines
26:00 Scale Barding Armor
26:51 Forging
27:20 Husbandry
28:15 Chain Barding Armor
28:30 Iron Casting
28:42 Conscription
28:57 Elite Tiger Cavalry
32:49 Iron Casting
35:00 Hand Cart
34:31 Town Watch
Raptiye Rap Rap
9:14 Feudal Age
10:19 Loom
14:08 Castle Age
12:40 Fletching
29:51 Horse Collar
35:36 Bodkin Arrow
Sekov
10:31 Feudal Age
10:42 Loom
14:43 Castle Age
13:24 Fletching
13:30 Double-Bit Axe
30:33 Wheelbarrow
Maverick_Taha
10:30 Feudal Age
14:17 Castle Age
12:30 Double-Bit Axe
12:25 Horse Collar
16:36 Wheelbarrow
16:11 Bow Saw
16:02 Heavy Plow
23:09 Hand Cart
22:41 Loom
22:44 Town Watch
23:03 Gold Mining
25:15 Gold Shaft Mining
24:36 Stone Mining
29:04 Imperial Age
27:13 Stone Shaft Mining
27:11 Scale Barding Armor
27:46 Fletching
28:00 Padded Archer Armor
28:21 Chain Barding Armor
28:03 Husbandry
28:14 Bloodlines
28:57 Cavalier
29:54 Leather Archer Armor
30:41 Chemistry
31:27 Ring Archer Armor
31:35 Fletching
32:07 Ballistics
31:58 Masonry
33:18 Plate Barding Armor
32:42 Bodkin Arrow
32:58 Forging
33:14 Conscription
34:23 Architecture
34:08 Citadels
33:53 Savar
34:59 Murder Holes
35:03 Capped Ram
Connection lost

Rejoining the realm…

Still unreachable

The connection could not be restored.

Session expired

The server has moved on; the page needs a fresh start.